 Dungeon Crawl Stone Soup version 0.29-a0-541-gaf1fc19f1b (webtiles) character file.

Game seed: 9495785351012496913

307 testman the Cudgeller (level 7, 0/63 HPs)
             Began as a Meteoran Fighter on June 2, 2022.
             Was an Initiate of Ashenzari.
             Slain by an orc
             ... wielding a +0 club
              (1 damage)
             ... on level 4 of the Dungeon.
             The game lasted 00:09:22 (1402 turns).

testman the Cudgeller (Meteoran Fighter)            Turns: 1402, Time: 00:09:26

Health: 0/63       AC:  6    Str: 21    XL:     7   Next: 0%
Magic:  8/8        EV:  9    Int:  9    God:    Ashenzari [......]
Gold:   63         SH:  5    Dex: 13    Spells: 6/6 levels left

rFire   + . .      SeeInvis .   a - +0 flail
rCold   . . .      Faith    .   c - +0 buckler "Lashed Pessimism" {Self, Melee} (curse)
rNeg    . . .      Spirit   .   b - +0 scale mail
rPois   .          Reflect  .   (no helmet)
rElec   .          Harm     .   (no cloak)
rCorr   .          Rampage  .   (no gloves)
Will    .....                   (no boots)
Stlth   ..........              (no amulet)
HPRegen 0.20/turn               j - ring of protection from fire
MPRegen 0.11/turn               (no ring)

@: mighty, glowing, invisible (but backlit and visible)
A: sense surroundings 1, otherworldly, glowing, explore regen
a: Renounce Religion, Shatter the Chains


You were on level 4 of the Dungeon.
You worshipped Ashenzari.
Ashenzari was noncommittal.
You visited 1 branch of the dungeon, and saw 4 of its levels.
You also visited: Sewer.

You collected 63 gold pieces.

Inventory:

Hand Weapons
 a - a +0 flail (weapon)
Missiles
 g - a curare-tipped dart
 k - 3 javelins (quivered)
 n - 3 poisoned darts
Armour
 b - a +0 scale mail (worn)
 c - the cursed +0 buckler "Lashed Pessimism" (worn) {Self, Melee}

   It has a curse which improves the following skills: Introspection: Fighting
   and Spellcasting.
   Melee Combat: Short Blades, Long Blades, Axes, Maces & Flails, Polearms,
   Staves and Unarmed Combat.
Jewellery
 j - a ring of protection from fire (left hand)
Potions
 e - 2 potions of lignification
 l - a potion of haste {unknown}
 m - 2 potions of cancellation


   Skills:
 + Level 5.7(6.1) Fighting
 + Level 6.3(6.7) Maces & Flails
 - Level 3.6 Armour
 - Level 4.0 Shields


You had 6 spell levels left.
You didn't know any spells.
Your spell library contained the following spells:

 Spells                   Type           Power      Damage    Failure   Level
 Beastly Appendage        Tmut           0%         N/A       82%         1
 Wereblood                Tmut           0%         N/A       91%         2
 Spider Form              Tmut/Pois      0%         N/A       99%         3


Dungeon Overview and Level Annotations

Branches:
Dungeon (4/15)              Sewer (visited)
 Temple: D:4-7

Altars:
Ashenzari
Ru
Sif Muna


Innate Abilities, Weirdness & Mutations

You passively map a small area around you.
You are easily found by Zot.
You glow in the dark.
You regain HP and MP as you explore.


Message History

* * * LOW HITPOINT WARNING * * *
The orc completely misses you.
You sock the orc priest!
The orc priest is severely wounded.
You hear some strange, mumbled words.
Something tries to affect you, but you resist.
Something hits you but does no damage.
The orc priest casts a cantrip, but nothing happens.
The orc hits you but does no damage. You block the orc's attack.
The orc hits you with a +0 club.
* * * LOW HITPOINT WARNING * * *
You hit the orc priest.
The orc priest is almost dead.
The orc priest hits you with a +0 dagger.
* * * LOW HITPOINT WARNING * * *
You hear some strange, mumbled words.
A magic dart appears from out of thin air!
The magic dart hits you.
* * * LOW HITPOINT WARNING * * *
You block the orc's attack.
You hit the orc priest.
You kill the orc priest!
Something hits you but does no damage. The orc barely misses you.
You have reached level 7!
It was a potion of invisibility.
You become transparent, but the glow from your body prevents you from becoming completely invisible.
Something hits you but does no damage.
You hear some strange, mumbled words.
A puff of flame appears from out of thin air!
The puff of flame hits you. You resist.
* * * LOW HITPOINT WARNING * * *
The orc hits you but does no damage. x2
It was a potion of magic.
Magic courses through your body.
You hear some strange, mumbled words.
A puff of flame appears from out of thin air!
The puff of flame hits you. You resist.
* * * LOW HITPOINT WARNING * * *
Something hits you but does no damage. You block the orc's attack.
The orc hits you with a +0 club.
You die...

..# #####.# *,* ** ..#
#####.....# *,* *, ..#
#.........# *,********,
####### #.........#
*,,,,,,,,+, ......#
#.........## **********,
......# #.....#....# *,
..)...# #.....#....# *,
......###.....#....# *****
*, ......'.......#.@o.#
*,,,* *,
≈≈≈≈≈..#####+##.o{.###.#.##*
*, ....≈..#*
*,*#........._..*****,
≈≈≈.§§..#
*,*###......#.#.,,,,+,
..≈§§§#.# *,*
##.......#******, _[≈.≈§#.#
*<* #.........,,,,,,
..≈.≈...# ***
######.###*****, ≈≈≈.≈...#
*.# *, ,,,,≈,*,* *,# *,


You could see 2 orcs.

Vanquished Creatures
  A kobold brigand (Sewer)
  2 orc priests
  An orc wizard (D:3)
  2 river rats (Sewer)
  8 adders
  2 worms
  2 dart slugs (D:1)
  2 orcs (D:3)
  An endoplasm (D:2)
  4 giant cockroaches
  2 goblins
  3 hobgoblins
  7 jackals
  5 kobolds
  A quokka (D:3)
  3 ball pythons
  2 bats (D:1)
  5 frilled lizards
  6 rats
59 creatures vanquished.

Vanquished Creatures (others)
  8 plants (Sewer)
8 creatures vanquished.

Grand Total: 67 creatures vanquished

Notes
Turn   | Place    | Note
-------+----------+-------------------------------------------
     0 | D:1      | testman the Meteoran Fighter began the quest for the Orb.
     0 | D:1      | Reached XP level 1. HP: 19/19 MP: 2/2
   156 | D:1      | Reached skill level 3 in Maces & Flails
   157 | D:1      | Reached XP level 2. HP: 26/26 MP: 3/3
   175 | D:1      | Found a broken altar of Ashenzari.
   197 | D:1      | Became a worshipper of Ashenzari the Shackled
   339 | D:3      | Reached XP level 3. HP: 33/33 MP: 4/4
   389 | D:3      | Found a sacrificial altar of Ru.
   396 | D:3      | Reached skill level 4 in Maces & Flails
   396 | D:3      | Reached XP level 4. HP: 37/40 MP: 5/5
   553 | D:3      | HP: 2/41 [orc priest/+0 whip (1)]
   555 | D:3      | Reached XP level 5. HP: 2/47 MP: 6/6
   840 | D:4      | Reached skill level 5 in Maces & Flails
   895 | D:4      | Found a glowing drain.
   899 | Sewer    | Entered a sewer
   933 | Sewer    | Reached skill level 5 in Fighting
   933 | Sewer    | Reached XP level 6. HP: 37/56 MP: 7/7
   999 | Sewer    | Reached skill level 6 in Maces & Flails
  1349 | D:4      | Found a shimmering blue altar of Sif Muna.
  1382 | D:4      | Found a broken altar of Ashenzari.
  1401 | D:4      | Reached XP level 7. HP: 9/63 MP: 8/8
  1402 | D:4      | HP: 1/63 [something/puff of flame (3)]
  1402 | D:4      | Slain by an orc

Illustrated notes

Levels and vault maps discovered:
D:1:      psy_arrival_radial01, layout_loops_ring,
          nicolae_ecumenical_snake_handling, minmay_hexomino_r4
D:2:      layout_basic, uniq_sigmund
D:3:      layout_rooms, nicolae_ru_great_annihilating_truth,
          lemuel_coloured_pillars_altar
D:4:      layout_basic, ashenzari_altar_1, mainiacjoe_overflow_small_starburst,
          xom_confusion_cloud, mainiacjoe_overflow_concentric_impassable,
          gup_sewer_entry_spiral

Skill      XL: |  1  2  3  4  5  6 |
---------------+-------------------+-----
Maces & Flails | 3 4 5 6 |  6.3
Fighting       | 4 5 |  5.7
Shields        | 4 |  4.0
Armour         | |  3.6

Action                   |  1- 3 |  4- 6 |  7- 9 || total
-------------------------+-------+-------+-------++-------
Melee: Flail             |    44 |   192 |       ||   236
Throw: Javelin           |       |     1 |       ||     1
Invok: Curse Item        |       |     1 |       ||     1
  Use: Scroll            |       |     4 |       ||     4
       Potion            |       |     2 |     2 ||     4
 Stab: Paralysed         |       |     1 |       ||     1
Armor: Scale mail        |    32 |   115 |     4 ||   151
Dodge: Dodged            |    13 |    79 |       ||    92
Block: Buckler           |    11 |    62 |     1 ||    74

Table legend: (Time is in decaauts)
 A = Elapsed time spent in this place.
 B = Non-inter-level travel time spent in this place.
 C = Inter-level travel time spent in this place.
 D = Time resting spent in this place.
 E = Time spent auto-exploring this place.
 F = Levels seen in this place.
 G = Mean time per level.
                   A        B        C        D        E       F      G
               +--------+--------+--------+--------+--------+-----+--------+
         Total |   1549 |   1473 |     76 |      2 |    826 |   5 |  309.8 |
       Dungeon |   1087 |   1011 |     76 |      2 |    666 |   4 |  271.8 |
         Sewer |    462 |    462 |      0 |      0 |    159 |   1 |  462.0 |
               +--------+--------+--------+--------+--------+-----+--------+

Top non-repeatable levels by time:
     D:3: 474 daAuts
   Sewer: 462 daAuts
     D:4: 271 daAuts
     D:1: 265 daAuts
     D:2: 76 daAuts
